 Dungeon Crawl Stone Soup version 0.29.1 (webtiles) character file.

Game seed: 9602086167008784947

170 CougarLife the Covered (level 5, -2/47 HPs)
             Began as a Minotaur Fighter on Sept 15, 2022.
             Slain by a black bear (5 damage)
             ... on level 3 of the Dungeon.
             The game lasted 00:02:36 (1788 turns).

CougarLife the Covered (Minotaur Fighter)           Turns: 1788, Time: 00:02:37

Health: -2/47      AC:  8    Str: 22    XL:     5   Next: 26%
Magic:  4/4        EV:  9    Int:  5    God:
Gold:   78         SH:  4    Dex: 10    Spells: 4/4 levels left

rFire   . . .      SeeInvis .   a - +0 war axe
rCold   . . .      Faith    .   c - +0 buckler
rNeg    . . .      Spirit   .   b - +0 scale mail
rPois   .          Reflect  .   (helmet restricted)
rElec   .          Harm     .   e - +0 cloak
rCorr   .          Rampage  .   (no gloves)
Will    .....                   (no boots)
Stlth   ..........              (no amulet)
HPRegen 0.15/turn               (no ring)
MPRegen 0.09/turn               (no ring)

@: no status effects
A: horns 2, retaliatory headbutt
a: no special abilities


You were on level 3 of the Dungeon.
You visited 1 branch of the dungeon, and saw 3 of its levels.

You collected 78 gold pieces.

Inventory:

Hand Weapons
 a - a +0 war axe (weapon)
Missiles
 h - 6 boomerangs (quivered)
Armour
 b - a +0 scale mail (worn)
 c - a +0 buckler (worn)
 e - a +0 cloak (worn)
Scrolls
 f - a scroll of silence {unknown}
 l - a scroll of poison {unknown}
 m - a scroll of identify {unknown}
 o - a scroll of enchant weapon {unknown}
 p - a scroll of immolation {unknown}
 u - a scroll of fear {unknown}
Potions
 d - a potion of might
 g - a potion of lignification {unknown}
 i - 2 potions of ambrosia {unknown}
 j - 2 potions of mutation {unknown}
 k - 2 potions of haste {unknown}
 n - 2 potions of cancellation {unknown}
 q - a potion of magic {unknown}
 r - a potion of heal wounds {unknown}
 s - a potion of curing {unknown}
 t - a potion of brilliance {unknown}


   Skills:
 + Level 4.5 Fighting
 * Level 4.5 Axes
 + Level 4.6 Armour
 + Level 4.5 Shields


You had 4 spell levels left.
You didn't know any spells.
Your spell library contained the following spells:

 Spells                   Type           Power      Damage    Failure   Level
 Sandblast                Erth           0%         2d4       86%         1
 Passwall                 Tmut/Erth      0%         N/A       95%         2
 Stone Arrow              Conj/Erth      0%         3d7       99%         3


Dungeon Overview and Level Annotations

Branches:
Dungeon (3/15)

Altars:
Fedhas


Innate Abilities, Weirdness & Mutations

You have a pair of horns on your head.
You reflexively headbutt those who attack you in melee.


Message History

Throw: 6 boomerangs
Press: ? - help, Q - select action Shift-Dir - straight line, f - black bear
Aim: a black bear (65% to hit)
You throw a boomerang.
The boomerang completely misses the black bear.
Throw: 6 boomerangs
Press: ? - help, Q - select action Shift-Dir - straight line, f/p - black bear
Aim: a black bear (65% to hit)
You throw a boomerang. The boomerang hits the black bear.
The black bear is lightly wounded.
You hit the black bear but do no damage.
You headbutt the black bear!
The black bear is moderately wounded.
The black bear barely misses you. The black bear completely misses you.
The black bear claws you but does no damage.
You hit the black bear but do no damage.
The black bear is moderately wounded.
The black bear closely misses you. The black bear claws you.
The black bear claws you but does no damage.
The black bear bites you but does no damage.
The black bear closely misses you. The black bear claws you.
You hit the black bear. You headbutt the black bear!
The black bear is almost dead.
The black bear goes berserk!
You barely miss the black bear.
The black bear is almost dead.
The black bear bites you!
* * * LOW HITPOINT WARNING * * *
The black bear barely misses you. You block the black bear's attack.
The black bear bites you.
* * * LOW HITPOINT WARNING * * *
The black bear claws you.
* * * LOW HITPOINT WARNING * * *
The black bear claws you but does no damage.
You barely miss the black bear. Your headbutt misses the black bear.
The black bear is almost dead.
The black bear bites you.
* * * LOW HITPOINT WARNING * * *
The black bear claws you.
You die...

#..### ####
#....##...#
##..........
#...........
#........... ##
#......).... .#
##...h.?.... .# ♣
#...@.# .# .♣♣
#.†#### .#♣.. #..###
.#.♣ #[...# )†#
#.##.# .## #.# ...
.### ####.# ##..
...### ##....###...#
##..)####............


You could see a black bear (berserk).

Vanquished Creatures
  An iguana (D:3)
  4 adders
  4 gnolls
  6 endoplasms
  7 giant cockroaches
  8 goblins
  5 hobgoblins
  4 jackals (D:1)
  2 quokkas (D:2)
  5 ball pythons
  6 bats
  5 frilled lizards (D:2)
  8 kobolds
  5 rats
70 creatures vanquished.

Notes
Turn   | Place    | Note
-------+----------+-------------------------------------------
     0 | D:1      | CougarLife the Minotaur Fighter began the quest for the
                  | Orb.
     0 | D:1      | Reached XP level 1. HP: 19/19 MP: 0/0
    84 | D:1      | Found a blossoming altar of Fedhas.
   204 | D:1      | Reached XP level 2. HP: 27/27 MP: 1/1
   430 | D:1      | Found a faded altar of an unknown god.
   494 | D:1      | Reached XP level 3. HP: 33/33 MP: 2/2
  1125 | D:2      | Reached XP level 4. HP: 38/40 MP: 3/3
  1775 | D:3      | Reached XP level 5. HP: 24/47 MP: 4/4
  1780 | D:3      | Noticed a black bear
  1788 | D:3      | Slain by a black bear

Illustrated notes

Levels and vault maps discovered:
D:1:      dpeg_arrival_lava_altar, layout_loops_corners,
          shapermc_ecumenical_altar_venn
D:2:      layout_rooms, minmay_tromino_v4_a
D:3:      layout_rooms, lightli_sewer_entry_pipes, grunt_ministairs_2,
          kennysheep_pointless_box, small_statue_intersection

Skill      XL: |  1  2  3  4 |
---------------+-------------+-----
Axes           | 3 4 |  4.5
Fighting       | 4 |  4.5
Shields        | 4 |  4.5
Armour         | 4 |  4.6

Action                   |  1- 3 |  4- 6 || total
-------------------------+-------+-------++-------
Melee: War axe           |    58 |    68 ||   126
       Headbutt          |     6 |     8 ||    14
Throw: Boomerang         |       |     2 ||     2
Armor: Scale mail        |    32 |    37 ||    69
Dodge: Dodged            |    30 |    33 ||    63
Block: Buckler           |    12 |    14 ||    26
